 Dungeon Crawl Stone Soup version 0.30-a0-557-ge2afbf3030 (console) character file.

Game seed: 6625752029919313944

86978 jejorda2 the Impaler (level 15, -19/127 HPs)
             Began as a Merfolk Berserker on Dec 27, 2022.
             Was a High Priest of Trog.
             Demolished by an orc warlord
             ... wielding a +4 great mace of holy wrath
              (33 damage)
             ... on level 2 of the Orcish Mines on Dec 28, 2022.
             The game lasted 01:08:50 (22407 turns).

jejorda2 the Impaler (Merfolk Berserker)           Turns: 22407, Time: 01:08:50

Health: -19/127    AC: 27    Str: 21    XL:     15   Next: 89%
Magic:  15/15      EV: 12    Int:  6    God:    Trog [*****.]
Gold:   1901       SH:  0    Dex: 22    Spells: 14/14 levels left

rFire   . . .      SeeInvis .    a - +4 bardiche (flame)
rCold   + . .      Faith    +    (shield currently unavailable)
rNeg    . . .      Spirit   .    n - +4 plate armour {rC+}
rPois   +          Reflect  .    (no helmet)
rElec   .          Harm     .    q - +0 cloak
rCorr   .          Rampage  .    h - +2 pair of gloves
Will    +....                    (no boots) Stlth
                                 G - amulet of Tuikhlan {Faith Dex+4 Stlth+}
HPRegen 0.41/turn                i - +4 ring of protection
MPRegen 0.14/turn                H - ring of poison resistance

@: about to teleport, on berserk cooldown, slowed, studying Armour, very slow
A: (nimble swimmer 2), mertail
a: Renounce Religion, Berserk, Trog's Hand, Brothers in Arms


You were on level 2 of the Orcish Mines.
You worshipped Trog.
Trog was extremely pleased with you.
You visited 3 branches of the dungeon, and saw 22 of its levels.
You also visited: Ice Cave.

You collected 2043 gold pieces.
You spent 142 gold pieces at shops.

Inventory:

Hand Weapons
 a - a +4 bardiche of flaming (weapon)
Missiles
 f - 78 stones
 l - 29 poisoned darts (quivered)
 m - 4 javelins
 t - 2 curare-tipped darts
 v - 2 throwing nets
 D - 20 boomerangs
Armour
 h - a +2 pair of gloves (worn)
 n - a +4 plate armour of cold resistance (worn)
 q - a +0 cloak (worn)
 w - a +1 tower shield of cold resistance
Jewellery
 i - a +4 ring of protection (left hand)
 s - a ring of protection from fire
 z - a ring of flight
 G - the amulet of Tuikhlan (around neck) {Faith Dex+4 Stlth+}
   (You found it on level 5 of the Lair of Beasts)

   [amulet of faith]

   It allows you to gain divine favour quickly.
   Dex:       It affects your dexterity (+4).
   Stlth:     It makes you more stealthy.
 H - a ring of poison resistance (right hand)
Wands
 c - a wand of paralysis (17)
 e - a wand of polymorph (11)
 r - a wand of mindburst (17)
 u - a wand of flame (5)
 L - a wand of light (8)
 Q - a wand of roots (8)
Scrolls
 g - 4 scrolls of fear
 k - 2 scrolls of blinking
 y - 6 scrolls of teleportation
 M - 3 scrolls of identify
 N - a scroll of enchant armour
 O - a scroll of silence
 R - 4 scrolls of fog
Potions
 b - a potion of invisibility
 d - 17 potions of curing
 j - 6 potions of mutation
 o - 2 potions of heal wounds
 p - 3 potions of might
 x - 2 potions of haste
 A - a potion of berserk rage
 B - 4 potions of flight
 E - 4 potions of cancellation
 F - 3 potions of resistance
 J - 5 potions of attraction
 K - 4 potions of ambrosia
Miscellaneous
 C - a condenser vane (inert)


   Skills:
 * Level 14.9 Fighting
 + Level 20.5 Polearms
 + Level 13.2 Throwing
 - Level 10.0 Armour
 - Level 10.0 Dodging
 - Level 6.0 Evocations


You had 14 spell levels left.
You didn't know any spells.
Your spell library was empty.

Dungeon Overview and Level Annotations

Branches:
Dungeon (15/15)            Temple (0/1) D:5            Lair (5/5) D:8
  Swamp (0/4) Lair:3       Spider (0/4) Lair:3        Slime (0/5) Lair:4
    Orc (2/2) D:11            Elf (0/3) Orc:2        Vaults (0/5) D:13
 Depths (0/4) D:15          IceCv (visited)

Altars:
Dithmenos
Fedhas
Makhleb
Ru
Sif Muna
Trog
Uskayaw
Xom
Jiyva

Shops:
D:6 *   D:7 :[(*   D:11 **   D:15 !   Orc:2 =(

Portals:
Abyss: Lair:1
Trove: D:11 (give +5 demon blade)

Annotations:
D:13 2 transporters, drugrobin's ghost, journeyman DgDe
Lair:1 2 transporters, exclusion: 2 oklob plants, bande's ghost, journeyman GrFi


Innate Abilities, Weirdness & Mutations

((You are very nimble when in or above water. (Stealth+, EV+, Speed+++)))
Your lower body shifts to a powerful aquatic tail in water.


Message History

You are too injured to fight recklessly!
You are too injured to fight recklessly!
You are too injured to fight recklessly!
You are too injured to fight recklessly!
You are too injured to fight recklessly!
You slice the orc warlord!! You burn the orc warlord!
The orc warlord is heavily wounded.
You hit the orc warlord but do no damage.
The orc warlord is heavily wounded.
You slice the orc warlord!! You burn the orc warlord!
The orc warlord is almost dead.
The orc knight hits you with a +2 heavy long sword!
The orc warrior hits you but does no damage.
The orc warlord hits you with a +4 great mace of holy wrath!
* * * LOW HITPOINT WARNING * * *
You hit the orc warlord. You burn the orc warlord.
The orc warlord is almost dead.
You hit the orc warlord. You burn the orc warlord.
The orc warlord is almost dead.
You are no longer berserk.
You are exhausted.
You feel yourself slow down.
The orc warrior hits you but does no damage.
The orc warrior closely misses you.
The orc priest miscasts a cantrip.
The orc warlord closely misses you. The orc knight barely misses you.
As you read the scroll of teleportation, it crumbles to dust.
You feel strangely unstable.
The orc priest no longer looks unusually strong.
The orc warrior barely misses you.
The orc warlord roars a battlecry!
The orc priest goes into a battle-frenzy!
The orc warrior barely misses you.
The orc knight hits you with a +2 heavy long sword.
* * * LOW HITPOINT WARNING * * *
The orc warrior completely misses you.
The orc warrior hits you from afar with a +0 halberd!!
* * * LOW HITPOINT WARNING * * *
The orc warlord hits you with a +4 great mace of holy wrath!!
You die... #.....<... ## .# o^..' #......... ..... #.# #...# #......... ..... #.# #.8o#####........# .#...# #.# #o.o#.. #......... ......####.# ooo.'. #......... .......##..# #Ooo#

#......... ...........#
##oo.## #.........
...........## #8@o(8# .
...#.....#..###.)(..# #..
.#......##....##))'##....
#......##.....)).))...#
.......###.#..#)8.8..#..
........####...#...###
.#..#....#.........##
....................#
.#..............#..##


You could see an orc warlord (strong), an orc knight (strong), 5 orc warriors,
an ogre, an orc priest (strong), an orc wizard (strong) and 3 orcs.

Vanquished Creatures
  An ironbound preserver (D:13)
  A fire dragon (D:15)
  5 hydras
  2 ironbound frosthearts (IceCv)
  2 ogre magi (Orc:2)
  2 centaur warriors (D:14)
  4 boulder beetles
  7 death yaks
  2 orc high priests (Orc:2)
  2 two-headed ogres
  2 tengu warriors
  A vampire mage (D:15)
  A skeletal warrior (D:15)
  An orb spider (Lair:3)
  A deep troll (Orc:2)
  A spark wasp zombie (D:15)
  A golden dragon skeleton (D:15)
  Pikel (D:4)
  A wizard (D:15)
  A sphinx zombie (D:15)
  A necromancer (D:15)
  6 deep elf pyromancers
  4 orc knights
  An oklob plant (Lair:5)
  5 ugly things
  2 manticores
  13 slime creatures
  A wolf spider (Lair:3)
  9 cyclopes
  An ice statue (IceCv)
  An eye of devastation (shapeshifter) (D:13)
  An iron dragon skeleton (D:15)
  3 black mambas
  Maurice (D:10)
  3 gargoyles
  16 cane toads
  Joseph (D:9)
  2 kobold demonologists
  4 rime drakes
  13 komodo dragons
  4 yaktaurs (D:15)
  3 guardian mummies
  A queen bee (shapeshifter) (D:13)
  21 polar bears
  A meliai (D:13)
  2 trolls
  2 hornets
  Grinder (D:4)
  4 tyrant leeches (Lair:5)
  19 blink frogs
  Sigmund (D:4)
  4 wraiths
  A vampire (D:10)
  3 shadows
  A wyvern (D:8)
  40 yaks
  3 basilisks
  A human (D:11)
  15 vampire mosquitoes
  9 wargs
  9 water moccasins
  4 acid dragons
  19 orc warriors
  A swamp drake (Lair:3)
  An ice beast (D:6)
  4 sky beasts
  5 ogres
  39 wolves
  6 centaurs
  A phantom (D:6)
  3 kobold brigands
  3 necrophages
  13 bullfrogs
  3 scorpions
  16 wights
  A killer bee (D:8)
  5 jellies
  An electric eel (Lair:5)
  7 howler monkeys
  A gnoll bouda (D:7)
  6 hounds
  23 orc priests
  5 iguanas
  23 orc wizards
  Natasha (thrice) (D:4)
  9 gnolls (D:4)
  13 adders
  A shadow imp (D:6)
  3 white imps
  2 dart slugs
  67 orcs
  10 ball pythons
  10 endoplasms
  4 giant cockroaches
  4 goblins
  5 hobgoblins
  3 jackals (D:1)
  25 kobolds
  4 quokkas
  7 bats
  A frilled lizard (D:1)
  7 rats
640 creatures vanquished.

Vanquished Creatures (collateral kills)
  An orc warlord (Orc:1)
  A death yak (IceCv)
  2 cane toads (Lair:5)
  A yak (IceCv)
  2 orc warriors (Orc:1)
  An orc wizard (Orc:1)
  3 orcs (Orc:1)
11 creatures vanquished.

Vanquished Creatures (others)
  A bush (Lair:5)
  30 fungi
  98 plants
  10 withered plants (D:15)
139 creatures vanquished.

Grand Total: 790 creatures vanquished

Notes
Turn   | Place    | Note
-------+----------+-------------------------------------------
     0 | D:1      | jejorda2 the Merfolk Berserker began the quest for the Orb.
     0 | D:1      | Reached XP level 1. HP: 18/18 MP: 1/1
   122 | D:1      | Reached XP level 2. HP: 23/24 MP: 2/2
   918 | D:1      | Reached XP level 3. HP: 29/29 MP: 3/3
  1172 | D:2      | Reached skill level 5 in Polearms
  1727 | D:3      | Reached XP level 4. HP: 36/37 MP: 4/4
  1754 | D:3      | Found a faded altar of an unknown god.
  1781 | D:3      | Reached ** piety under Trog
  2515 | D:4      | Noticed Natasha
  2522 | D:4      | Killed Natasha
  2523 | D:4      | Reached XP level 5. HP: 42/42 MP: 5/5
  2556 | D:4      | Reached skill level 6 in Polearms
  2562 | D:4      | Identified the +8 short sword "Sutylif" {freeze, rF+}
  2613 | D:4      | Noticed Natasha
  2627 | D:4      | Killed Natasha
  2663 | D:4      | Noticed Natasha
  2668 | D:4      | Noticed Sigmund
  2680 | D:4      | Reached XP level 6. HP: 49/49 MP: 6/6
  2681 | D:4      | Killed Natasha
  2694 | D:4      | Killed Sigmund
  2695 | D:4      | Reached skill level 5 in Fighting
  2695 | D:4      | Reached skill level 7 in Polearms
  2695 | D:4      | Reached skill level 5 in Dodging
  2695 | D:4      | Reached XP level 7. HP: 56/56 MP: 7/7
  2767 | D:4      | Reached skill level 8 in Polearms
  2907 | D:4      | Found a sacrificial altar of Ru.
  3086 | D:4      | Noticed Pikel
  3111 | D:4      | Killed Pikel
  3112 | D:4      | Reached skill level 10 in Polearms
  3112 | D:4      | Reached XP level 8. HP: 32/64 MP: 8/8
  3179 | D:4      | Found a shimmering blue altar of Sif Muna.
  3271 | D:4      | Noticed Grinder
  3272 | D:4      | Reached skill level 1 in Evocations
  3295 | D:4      | Killed Grinder
  3296 | D:4      | Reached skill level 11 in Polearms
  3565 | D:5      | Entered Level 5 of the Dungeon
  3646 | D:5      | Identified the +1 ring mail "Nodidato" {Str+4 SInv}
  3740 | D:5      | Reached XP level 9. HP: 69/69 MP: 9/9
  3740 | D:5      | Found a staircase to the Ecumenical Temple.
  4338 | D:6      | Reached skill level 12 in Polearms
  4375 | D:6      | Found Pedyty's General Store.
  4384 | D:6      | Bought a scroll of enchant armour for 112 gold pieces
  4384 | D:6      | Bought a scroll of identify for 30 gold pieces
  4950 | D:6      | Reached *** piety under Trog
  5450 | D:7      | Reached skill level 13 in Polearms
  5620 | D:7      | Found Efoulo Apyts's Book Shop.
  5620 | D:7      | Found Uciq's Armour Shop.
  5631 | D:7      | Found Eriox's General Store.
  5639 | D:7      | Found Ifeircheqy's Antique Weapon Shop.
  6121 | D:8      | Found a staircase to the Lair.
  6126 | D:8      | Found a bloodstained altar of Trog.
  6137 | D:8      | Reached XP level 10. HP: 76/76 MP: 10/10
  6174 | D:8      | Reached skill level 5 in Evocations
  6256 | D:8      | Reached skill level 14 in Polearms
  6487 | D:8      | Found a blossoming altar of Fedhas.
  6750 | D:9      | Found a hide-covered altar of Uskayaw.
  6952 | D:9      | Noticed Joseph
  6970 | D:9      | Killed Joseph
  7098 | D:9      | Found a shimmering altar of Xom.
  7454 | D:10     | Entered Level 10 of the Dungeon
  7460 | D:10     | Identified a scroll of acquirement
  7460 | D:10     | Acquired a manual of Armour
  7513 | D:10     | Noticed a two-headed ogre
  7639 | D:10     | You fall into a shaft and drop 1 floor!
  7738 | D:11     | Reached skill level 15 in Polearms
  7747 | D:11     | Reached skill level 5 in Armour
  7765 | D:11     | Noticed a kobold demonologist
  7778 | D:11     | Noticed a soul eater
  7780 | D:11     | Killed a kobold demonologist
  7858 | D:10     | Killed a two-headed ogre
  7859 | D:10     | Reached skill level 16 in Polearms
  7859 | D:10     | Reached XP level 11. HP: 78/81 MP: 11/11
  7925 | D:10     | Found a shadowy altar of Dithmenos.
  8041 | D:10     | Reached **** piety under Trog
  8112 | D:10     | Reached skill level 1 in Throwing
  8253 | D:10     | Found a burning altar of Makhleb.
  8465 | D:10     | Noticed Maurice
  8479 | D:10     | Killed Maurice
  8761 | D:11     | Noticed a brown ugly thing
  8769 | D:11     | Killed a brown ugly thing
  8931 | D:11     | Reached skill level 17 in Polearms
  8949 | D:11     | Paralysed by a hornet for 2 turns
  9112 | D:11     | Found a staircase to the Orcish Mines.
  9380 | D:11     | Found Peafay's General Store.
  9383 | D:11     | Found Hushrall's Specific Store.
  9403 | D:11     | Noticed a boulder beetle
  9418 | D:11     | Killed a boulder beetle
  9587 | D:11     | Found a portal to a secret trove of treasure.
  9769 | Lair:1   | Entered Level 1 of the Lair of Beasts
 10239 | Lair:1   | Reached skill level 18 in Polearms
 10371 | Lair:1   | Found a transporter.
 10375 | Lair:1   | Found a transporter.
 10378 | Lair:1   | Found a one-way gate to the infinite horrors of the Abyss.
 10388 | Lair:1   | Noticed a hell hog
 10396 | Lair:1   | Noticed bande's ghost (journeyman GrFi)
 10504 | Lair:1   | Noticed an oklob plant
 10504 | Lair:1   | Noticed an oklob plant
 10751 | Lair:2   | Reached XP level 12. HP: 92/92 MP: 12/12
 10941 | Lair:2   | Reached skill level 5 in Throwing
 11432 | Lair:2   | Reached skill level 19 in Polearms
 11473 | Lair:2   | Noticed an eight-headed hydra
 11485 | Lair:2   | Killed an eight-headed hydra
 11771 | Lair:3   | Noticed an eight-headed hydra
 11809 | Lair:3   | Killed an eight-headed hydra
 12047 | Lair:3   | Paralysed by a hornet for 1 turns
 12117 | Lair:3   | Reached skill level 20 in Polearms
 12123 | Lair:3   | Found a staircase to the Swamp.
 12138 | Lair:3   | Reached skill level 10 in Fighting
 12167 | Lair:3   | Noticed a death yak
 12167 | Lair:3   | Noticed a death yak
 12167 | Lair:3   | Noticed a death yak
 12181 | Lair:3   | Killed a death yak
 12182 | Lair:3   | Reached XP level 13. HP: 103/103 MP: 13/13
 12332 | Lair:3   | Reached ***** piety under Trog
 12627 | Lair:3   | Found a hole to the Spider Nest.
 12842 | Lair:4   | Found a staircase to the Slime Pits.
 12842 | Lair:4   | Found a viscous altar of Jiyva.
 13871 | Lair:5   | Entered Level 5 of the Lair of Beasts
 13974 | Lair:5   | Found a frozen archway.
 14010 | IceCv    | Entered an ice cave
 14027 | IceCv    | Reached skill level 10 in Dodging
 14281 | IceCv    | Reached skill level 10 in Armour
 14610 | IceCv    | Reached XP level 14. HP: 81/110 MP: 14/14
 14922 | Lair:5   | Reached skill level 10 in Throwing
 15536 | Lair:5   | Identified the amulet of Tuikhlan {Faith Dex+4 Stlth+}
 17345 | D:13     | Found a transporter.
 17450 | D:13     | Noticed drugrobin's ghost (journeyman DgDe)
 17783 | D:13     | Noticed an ironbound preserver
 17785 | D:13     | Found a gate to the Vaults.
 17813 | D:13     | Killed an ironbound preserver
 17814 | D:13     | Reached XP level 15. HP: 106/122 MP: 15/15
 18515 | D:13     | Found a transporter.
 18783 | D:14     | Found a blossoming altar of Fedhas.
 19299 | D:14     | Identified the ring of Qoruirau {Wiz MP+9}
 19545 | D:15     | Entered Level 15 of the Dungeon
 19765 | D:14     | Received a gift from Trog
 20147 | D:15     | Found Tosot's Distillery.
 20313 | D:15     | Found a staircase to the Depths.
 21275 | Orc:1    | Entered Level 1 of the Orcish Mines
 21901 | Orc:2    | Entered Level 2 of the Orcish Mines
 21962 | Orc:2    | Found Toju's Jewellery Emporium.
 21966 | Orc:2    | Found Ismerif's Weapon Boutique.
 22160 | Orc:2    | Found a staircase to the Elven Halls.
 22188 | Orc:1    | Noticed an orc warlord
 22202 | Orc:1    | Killed an orc warlord
 22390 | Orc:2    | Noticed an orc warlord
 22407 | Orc:2    | Demolished by an orc warlord

Illustrated notes

Levels and vault maps discovered:
D:1:      nicolae_arrival_somewhat_less_tricky_arrival, layout_basic
D:2:      layout_basic
D:3:      layout_basic, ebering_ecumenical_altar_rust, glass_columns_c
D:4:      layout_basic, led_sif_book, mainiacjoe_overflow_six_doors_small,
          kennysheep_generic_room_4, uniq_grinder, uniq_sigmund, uniq_natasha,
          uniq_pikel
D:5:      layout_cave_pods, minmay_temple_entry_junction_2
D:6:      layout_basic, nicolae_stop_n_shop_2
D:7:      layout_loops_cross, minmay_shop_grid_forest,
          kennysheep_generic_room_12
D:8:      layout_cave_pools, mainiacjoe_overflow_cross_hatched,
          mainiacjoe_overflow_alcove_1, erik_lair_orcish_takeover,
          kennysheep_generic_room_13
D:9:      layout_long_grid, lemuel_crystal_altar, kennysheep_mini_moat,
          uniq_joseph
D:10:     layout_basic, bloody_makhleb, nicolae_dithmenos_shadow_blocks,
          uniq_maurice
D:11:     layout_rooms, erik_orc_4, serial_aquarium,
          aquarium_bridge_long_separate [aquarium_subvault_bridge,
          aquarium_subvault_window, aquarium_subvault_balcony,
          aquarium_subvault_wall, aquarium_subvault_balcony,
          aquarium_subvault_bridge], aquarium_bridge_straight
          [aquarium_subvault_bridge, aquarium_subvault_wall,
          aquarium_subvault_bridge, aquarium_subvault_window],
          aquarium_window_1, aquarium_window_corridor_1, aquarium_window_1,
          aquarium_window_1, aquarium_view_4, aquarium_balcony_1b,
          nicolae_trove_entry_path_of_doom, nicolae_specific_store,
          palyth_stone_intersect
D:12:     layout_basic
D:13:     layout_basic, skrybe_vaults_entry_preservation, gammafunk_ghost_arena
D:14:     layout_cross, fedhas_altar_4, nicolae_sextant
D:15:     gammafunk_depths_entry_grave, layout_basic, minmay_misc_feat_ornament,
          nicolae_inconvenience_store, bh_walls_and_bars
Lair:1:   minmay_lair_oklob_tunnel, layout_chaotic_city,
          gammafunk_ghost_abyssal_escape, minmay_hedge_maze
Lair:2:   layout_concentric_octagons, minivault_11, serial_bayou_pond_a
Lair:3:   minmay_lair_venomous_thicket, layout_big_grid,
          minmay_swamp_entry_reptiles, nicolae_spider_entry_orb_guardian,
          grunt_megastairs_2
Lair:4:   layout_regular_city, nicolae_slime_entry_slimehenge,
          cheibrodos_lair_lostbears
Lair:5:   minmay_lair_end_frog_pond, layout_misc_corridors,
          nicolae_volcano_entry_s_turn, portal_ice_cave_rime
Orc:1:    layout_diamond_mine
Orc:2:    grunt_orc_community_town_hall, layout_caves,
          grunt_orc_community_big_house_2, grunt_orc_community_big_house_2,
          grunt_orc_community_house_1, grunt_orc_community_house_1,
          grunt_orc_community_house_2, grunt_orc_community_house_1,
          grunt_orc_community_house_1, dreamdust_deal_with_the_devil,
          guppyfry_orc_lava_fort

Skill      XL: |  1  2  3  4  5  6  7  8  9 10 11 12 13 14 15 |
---------------+----------------------------------------------+-----
Dodging        | 3 4 5 6 10 | 10.0
Polearms       | 5 6 7 10 11 13 16 18 20 | 20.5
Fighting       | 4 5 6 7 10 12 14 | 14.9
Evocations     | 2 4 6 |  6.0
Armour         | 2 3 6 10 | 10.0
Throwing       | 4 6 8 11 13 | 13.2

Action                   |  1- 3 |  4- 6 |  7- 9 | 10-12 | 13-15 || total
-------------------------+-------+-------+-------+-------+-------++-------
Melee: Spear             |   104 |   127 |       |       |       ||   231
       Punch             |     2 |       |     1 |     2 |       ||     5
       Halberd           |       |       |   295 |       |       ||   295
       Trident           |       |       |    55 |    30 |    26 ||   111
       Glaive            |       |       |    23 |   626 |  1123 ||  1772
       Tailslap          |       |       |       |       |    13 ||    13
       Bardiche          |       |       |       |       |   215 ||   215
Throw: Stone             |       |       |     9 |    11 |       ||    20
       Javelin           |       |       |       |     3 |       ||     3
       Dart              |       |       |       |       |    31 ||    31
Invok: Berserk           |     1 |     1 |     3 |    16 |    22 ||    43
       Trog's Hand       |       |     3 |     4 |     4 |    15 ||    26
       Brothers in Arms  |       |       |       |       |     4 ||     4
Evoke: Wand              |       |       |       |     7 |       ||     7
       Condenser vane    |       |       |       |       |     1 ||     1
  Use: Scroll            |       |       |     8 |    22 |     7 ||    37
       Potion            |       |       |       |     2 |     4 ||     6
 Stab: Sleeping          |     3 |       |       |     1 |       ||     4
       Distracted        |       |       |     1 |       |     3 ||     4
       Paralysed         |       |       |       |     1 |       ||     1
       Invisible         |       |       |       |       |     5 ||     5
Armor: Animal skin       |     7 |       |       |       |       ||     7
       Ring mail         |     4 |       |    51 |   122 |       ||   177
       Chain mail        |       |    40 |    33 |       |       ||    73
       Plate armour      |       |       |       |   137 |   624 ||   761
Dodge: Dodged            |    29 |    39 |   147 |   283 |   541 ||  1039

Table legend: (Time is in decaauts)
 A = Elapsed time spent in this place.
 B = Non-inter-level travel time spent in this place.
 C = Inter-level travel time spent in this place.
 D = Time resting spent in this place.
 E = Time spent auto-exploring this place.
 F = Levels seen in this place.
 G = Mean time per level.
                   A        B        C        D        E       F      G
               +--------+--------+--------+--------+--------+-----+--------+
         Total |  22133 |  20684 |   1449 |   2163 |  14152 |  23 |  962.3 |
       Dungeon |  15033 |  13907 |   1126 |   1392 |  10015 |  15 | 1002.2 |
          Lair |   5323 |   5072 |    251 |    634 |   3263 |   5 | 1064.6 |
  Orcish Mines |   1066 |    994 |     72 |    112 |    620 |   2 |  533.0 |
      Ice Cave |    710 |    710 |      0 |     24 |    253 |   1 |  710.0 |
               +--------+--------+--------+--------+--------+-----+--------+

Top non-repeatable levels by time:
    D:10: 1337 daAuts
    D:15: 1335 daAuts
    D:14: 1323 daAuts
  Lair:5: 1281 daAuts
    D:13: 1280 daAuts
  Lair:3: 1228 daAuts
     D:1: 1186 daAuts
     D:6: 1130 daAuts
    D:11: 1107 daAuts
     D:4: 1081 daAuts
  Lair:2: 1041 daAuts
    D:12: 980 daAuts
  Lair:4: 888 daAuts
  Lair:1: 883 daAuts
     D:9: 877 daAuts
